 Dungeon Crawl Stone Soup version 0.18.1-50-g88ac8fd (webtiles) character file.

102 magog001 the Shield-Bearer (level 4, -3/41 HPs)
             Began as a Minotaur Fighter on Dec 15, 2016.
             Slain by Sigmund
             ... wielding a +2 scythe of slicing
              (9 damage)
             ... on level 2 of the Dungeon.
             The game lasted 00:15:20 (1672 turns).

magog001 the Shield-Bearer (Minotaur Fighter)       Turns: 1672, Time: 00:15:21

Health: -3/41      AC:  8    Str: 21    XL:     4   Next: 50%
Magic:  3/3        EV: 11    Int:  5    God:
Gold:   88         SH:  0    Dex: 10    Spells: 0 memorised, 3 levels left

rFire  . . .     SeeInvis .     a - +0 war axe
rCold  . . .     Gourm    .     b - +0 scale mail
rNeg   . . .     Faith    .     c - +0 shield
rPois  .         Spirit   .     (helmet restricted)
rElec  .         Dismiss  .     u - +0 cloak
rCorr  .         Reflect  .     (no gloves)
SustAt .         Harm     .     (no boots)
MR     .....                    (no amulet)
Stlth  ..........               (no ring)
                                p - +3 ring of evasion

@: confused, very slightly contaminated, hasted, very quick, not resistant to
hostile enchantments, extremely unstealthy
A: retaliatory headbutt, horns 2
a: no special abilities


You were on level 2 of the Dungeon.
You were hungry.

You visited 1 branch of the dungeon, and saw 2 of its levels.

You collected 88 gold pieces.

Inventory:

Hand Weapons
 a - a +0 war axe (weapon)
Missiles
 o - 2 curare-tipped needles
Armour
 b - a +0 scale mail (worn)
 c - a +0 shield (worn)
 u - a +0 cloak (worn)
Jewellery
 p - a +3 ring of evasion (left hand)
Scrolls
 l - a scroll of noise {unknown}
 q - a scroll of fog {unknown}
 r - a scroll of immolation {unknown}
Potions
 d - a potion of mutation {unknown}
 e - 2 potions of lignification {unknown}
 i - 2 potions of ambrosia
 j - a potion of cancellation {unknown}
 k - a potion of degeneration {unknown}
 s - a potion of curing {unknown}
Comestibles
 f - a bread ration
 t - a meat ration


   Skills:
 * Level 4.4 Fighting
 + Level 3.2 Axes
 * Level 4.1 Armour
 * Level 1.0 Dodging
 + Level 0.3 Stealth
 * Level 4.7 Shields


You had 3 spell levels left.
You didn't know any spells.

Dungeon Overview and Level Annotations

Branches:
Dungeon (2/15)

Altars:
Trog

Annotations:
D:2 Sigmund


Innate Abilities, Weirdness & Mutations

You reflexively headbutt those who attack you in melee.
You have a pair of horns on your head.


Message History

Sigmund is severely wounded.
Drink which item? (? for menu, Esc to quit)
You feel as though your hastened speed will last longer.
Sigmund points at you and mumbles some strange words.
You are confused.
You closely miss Sigmund. You headbutt Sigmund.
Sigmund is severely wounded.
Sigmund hits you with a scythe of slicing.
* * * LOW HITPOINT WARNING * * *
x2 You bump into the rock wall.
You bump into the rock wall.
Sigmund says, "Now you see me, now you don't..."
Sigmund closely misses you.
Your shield prevents you from hitting Sigmund.
Your headbutt misses Sigmund.
Sigmund is severely wounded.
You hit Sigmund.
Sigmund is almost dead.
Sigmund hits you with a scythe of slicing!
You die...

###'###.#
#.....#.≈##⌠#⌠## #
#.....#####.....≈≈#####
# ##...........#..#.# #
#.......##.##..#.#
#.......#.....>..#
#.......'..###.#....#
#.......#<.# #.#.##.#
#.......##.###.# . #
#.......##.#.@.# .
#.......##.#@### ..
############. #. ##


You could see Sigmund.

Vanquished Creatures
  Crazy Yiuf (D:2)
  Robin (D:2)
  2 adders (D:2)
  An ooze (D:1)
  A dart slug (D:2)
  4 bats
  14 goblins
  5 hobgoblins
  2 jackals (D:1)
  A kobold (D:1)
  6 rats
38 creatures vanquished.

Notes
Turn   | Place    | Note
--------------------------------------------------------------
     0 | D:1      | magog001 the Minotaur Fighter began the quest for the Orb.
     0 | D:1      | Reached XP level 1. HP: 19/19 MP: 0/0
   143 | D:1      | Reached XP level 2. HP: 24/27 MP: 1/1
   603 | D:2      | Noticed Robin
   610 | D:2      | Reached XP level 3. HP: 23/33 MP: 2/2
   836 | D:2      | Killed Robin
   937 | D:2      | Found a bloodstained altar of Trog.
  1104 | D:2      | Noticed Crazy Yiuf
  1285 | D:2      | Killed Crazy Yiuf
  1285 | D:2      | Reached XP level 4. HP: 31/41 MP: 3/3
  1500 | D:2      | Reached skill level 1 in Dodging
  1637 | D:2      | Noticed Sigmund
  1672 | D:2      | Slain by Sigmund

Skill      XL: |  1  2  3  4 |
---------------+-------------+-----
Fighting       | 4 |  4.4
Shields        | 4 |  4.7
Armour         | 4 |  4.1
Axes           | 3 |  3.2
Dodging        | 1 |  1.0
Stealth        | |  0.3

Action                   |  1- 3 |  4- 6 || total
-------------------------+-------+-------++-------
Melee: War axe           |    71 |    25 ||    96
       Headbutt          |    10 |     5 ||    15
  Use: Potion            |     1 |     3 ||     4
       Scroll            |       |     4 ||     4
  Eat: Chunk             |     1 |     1 ||     2
Armor: Scale mail        |    38 |     8 ||    46
Dodge: Dodged            |    26 |    16 ||    42
Block: Shield            |    41 |     9 ||    50
